 Dungeon Crawl Stone Soup version 0.29-a0-973-gac7da5f7f0 (webtiles) character file.

Game seed: 9180174616008681355

210 Sabo the Chiller (level 5, -2/36 HPs)
             Began as a Merfolk Ice Elementalist on Aug 1, 2022.
             Was a Follower of Yredelemnul.
             Slain by an orc
             ... wielding a +0 hand axe
              (7 damage)
             ... on level 4 of the Dungeon.
             The game lasted 00:24:31 (4558 turns).

Sabo the Chiller (Merfolk Ice Elementalist)         Turns: 4558, Time: 00:24:32

Health: -2/36      AC:  4    Str:  8    XL:     5   Next: 88%
Magic:  10/10      EV: 13    Int: 16    God:    Yredelemnul [*.....]
Gold:   120        SH:  0    Dex: 15    Spells: 10/11 levels left

rFire   . . .      SeeInvis .   e - +0 hand axe
rCold   . . .      Faith    .   (no shield)
rNeg    + . .      Spirit   .   a - +0 robe
rPois   .          Reflect  .   (no helmet)
rElec   .          Harm     .   (no cloak)
rCorr   .          Rampage  .   c - +1 pair of gloves
Will    .....                   (no boots)
Stlth   ++........              (no amulet)
HPRegen 0.12/turn               m - ring of positive energy
MPRegen 0.12/turn               (no ring)

@: no status effects
A: (nimble swimmer 2), mertail
a: Renounce Religion, Recall Undead Harvest


You were on level 4 of the Dungeon.
You worshipped Yredelemnul.
Yredelemnul was noncommittal.
You visited 1 branch of the dungeon, and saw 4 of its levels.

You collected 120 gold pieces.

Inventory:

Hand Weapons
 e - a +0 hand axe (weapon)
 l - a +0 glaive
Missiles
 q - 2 poisoned darts (quivered)
Armour
 a - a +0 robe (worn)
 c - a +1 pair of gloves (worn)
Magical Staves
 r - a staff of earth
Jewellery
 m - a ring of positive energy (left hand)
 u - a +6 ring of strength
Scrolls
 g - 2 scrolls of poison
 h - a scroll of fear
 i - a scroll of amnesia {unknown}
 s - a scroll of teleportation {unknown}
Potions
 b - a potion of magic
 d - a potion of degeneration {unknown}
 f - a potion of heal wounds {unknown}
 j - 5 potions of haste
 k - a potion of berserk rage {unknown}
 n - a potion of lignification {unknown}
 o - a potion of might {unknown}
 p - a potion of ambrosia {unknown}
 t - a potion of brilliance {unknown}


   Skills:
 + Level 0.4 Fighting
 + Level 0.4 Axes
 + Level 3.4 Dodging
 + Level 2.8 Stealth
 + Level 3.6 Spellcasting
 + Level 5.9 Ice Magic


You had 10 spell levels left.
You knew the following spells:

 Your Spells              Type           Power      Damage    Failure   Level
a - Freeze                Ice            84%        1d10      1%          1

Your spell library contained the following spells:

 Spells                   Type           Power      Damage    Failure   Level
 Frozen Ramparts          Ice            42%        1d6       4%          3
 Ozocubu's Armour         Ice            21%        N/A       4%          3
 Hailstorm                Conj/Ice       12%        3d5       45%         4


Dungeon Overview and Level Annotations

Branches:
Dungeon (4/15)
 Temple: D:4-7

Altars:
Cheibriados
Kikubaaqudgha
Yredelemnul
Zin


Innate Abilities, Weirdness & Mutations

((You are very nimble when in or above water. (Stealth+, EV+, Speed+++)))
Your lower body shifts to a powerful aquatic tail in water.


Message History

An orc wizard is nearby!
You swap places.
A magic dart appears from out of your range of vision.
The magic dart hits your jelly zombie!
Your jelly zombie appears confused.
A puff of flame appears from out of your range of vision.
The puff of flame hits your jelly zombie!
The orc throws a stone.
The stone hits you but does no damage.
The orc throws a stone.
The stone completely misses you.
The orc throws a stone.
The stone hits you.
Deactivating autopickup; reactivate with Ctrl-A.
You closely miss something. Something barely misses you.
Your jelly zombie closely misses you.
You miss something. Something hits you.
Your jelly zombie barely misses you.
You hit something. You hit the orc. Something hits you but does no damage.
The orc hits you with a +0 mace.
Your jelly zombie misses you.
The orc barely misses you. Something hits you but does no damage.
You hit something but do no damage. You hit the orc.
You kill the orc!
You hit the orc.
Your jelly zombie hits the orc.
Something hits you. The orc closely misses you.
The orc hits your jelly zombie with a +0 hand axe.
You hit something. You hit the orc but do no damage. You hit the orc.
Something hits you.
* * * LOW HITPOINT WARNING * * *
The orc hits you with a +0 hand axe.
* * * LOW HITPOINT WARNING * * *
The orc barely misses you.
The orc hits your jelly zombie but does no damage.
Your jelly zombie closely misses the orc.
You hit something. You closely miss the orc. You hit the orc but do no damage.
Your jelly zombie seems less confused.
Something barely misses you. The orc hits you with a +0 hand axe.
* * * LOW HITPOINT WARNING * * *
The orc hits you but does no damage.
The orc hits your jelly zombie with a +0 hand axe.
Your jelly zombie is destroyed!
The orc hits you with a +0 hand axe!
You die...
Your body rises from the dead as a mindless zombie.

###.#............#
#.#..............
...........##..$
...........## ..
..(.........#.##
............#.#
..#..........#
.##.....Z....+
........##@Z..#
...#...##o{o..#
......# #.....#
...... #.......
....## ..##....#
.... ... #.###
##....#..# ..
...#.# ..#
S....### .


You could see 2 orcs, a friendly spectral ufetubus and a friendly ball python
zombie.

Vanquished Creatures
  A jelly (D:4)
  An orc priest (D:3)
  An orc wizard (D:3)
  2 adders
  An ufetubus (D:4)
  A dart slug (D:1)
  5 orcs
  5 endoplasms
  3 giant cockroaches
  3 goblins
  8 hobgoblins
  2 jackals (D:3)
  4 kobolds
  4 quokkas
  7 ball pythons
  A bat (D:1)
  4 frilled lizards
  A rat (D:2)
54 creatures vanquished.

Vanquished Creatures (collateral kills)
  3 adders
  A worm (D:3)
  A hobgoblin (D:2)
  A ball python (D:2)
  A frilled lizard (D:2)
  A rat (D:3)
8 creatures vanquished.

Vanquished Creatures (others)
  A jelly zombie (D:4)
  2 jackal zombies (D:3)
  A kobold zombie (D:3)
  A quokka zombie (D:3)
  A rat zombie (D:3)
  4 fungi (D:2)
  22 plants
32 creatures vanquished.

Grand Total: 94 creatures vanquished

Notes
Turn   | Place    | Note
-------+----------+-------------------------------------------
     0 | D:1      | Sabo the Merfolk Ice Elementalist began the quest for the
                  | Orb.
     0 | D:1      | Reached XP level 1. HP: 13/13 MP: 3/3
   297 | D:1      | Reached XP level 2. HP: 17/19 MP: 0/5
  1241 | D:2      | Reached skill level 5 in Ice Magic
  1353 | D:2      | Reached XP level 3. HP: 24/24 MP: 3/6
  1572 | D:2      | Found a faded altar of an unknown god.
  1594 | D:2      | Prayed at the altar of an unknown god.
  1594 | D:2      | Became a worshipper of Yredelemnul the Dark
  1594 | D:2      | Reached * piety under Yredelemnul
  2398 | D:2      | Reached XP level 4. HP: 30/30 MP: 6/8
  3384 | D:3      | Found a snail-covered altar of Cheibriados.
  3429 | D:3      | Reached XP level 5. HP: 11/35 MP: 1/9
  3724 | D:3      | Found a glowing silver altar of Zin.
  4116 | D:3      | Found an ancient bone altar of Kikubaaqudgha.
  4558 | D:4      | Slain by an orc

Illustrated notes

Levels and vault maps discovered:
D:1:      amcnicky_arrival_underground_garden, layout_basic
D:2:      kennysheep_big_flooded_room, layout_basic,
          shapermc_ecumenical_altar_ellora, st_stairs_5,
          hangedman_abyss_or_decor_stabs
D:3:      layout_rooms, zin_scriptorium, mainiacjoe_overflow_six_doors_small,
          mainiacjoe_overflow_surrounded_room, minmay_door_square,
          serial_bayou_lagoon_a
D:4:      layout_cave_pools, mainiacjoe_overflow_small_starburst,
          grunt_qazlal_sundering, lemuel_doored_altar

Skill      XL: |  1  2  3  4 |
---------------+-------------+-----
Ice Magic      | 5 |  5.9
Dodging        | 3 |  3.4
Spellcasting   | 3 |  3.6
Fighting       | |  0.4
Axes           | |  0.4
Stealth        | |  2.8

Action                   |  1- 3 |  4- 6 || total
-------------------------+-------+-------++-------
Melee: Unarmed           |     2 |       ||     2
       Hand axe          |    12 |    62 ||    74
       Short sword       |     4 |       ||     4
       Tailslap          |     1 |     9 ||    10
       Punch             |       |     1 ||     1
 Cast: Freeze            |    42 |    42 ||    84
  Use: Scroll            |     2 |     3 ||     5
Armor: Robe              |     6 |    28 ||    34
Dodge: Dodged            |    40 |    54 ||    94

Table legend: (Time is in decaauts)
 A = Elapsed time spent in this place.
 B = Non-inter-level travel time spent in this place.
 C = Inter-level travel time spent in this place.
 D = Time resting spent in this place.
 E = Time spent auto-exploring this place.
 F = Levels seen in this place.
 G = Mean time per level.
                   A        B        C        D        E       F      G
               +--------+--------+--------+--------+--------+-----+--------+
         Total |   4546 |   4546 |      0 |   1861 |      0 |   4 | 1136.5 |
       Dungeon |   4546 |   4546 |      0 |   1861 |      0 |   4 | 1136.5 |
               +--------+--------+--------+--------+--------+-----+--------+

Top non-repeatable levels by time:
     D:2: 1624 daAuts
     D:3: 1622 daAuts
     D:1: 1177 daAuts
     D:4: 122 daAuts
